 Dungeon Crawl Stone Soup version 0.22.0 (webtiles) character file.

100 Goblin1989 the Insei (level 4, -2/32 HPs)
             Began as a Demonspawn Transmuter on Aug 11, 2018.
             Slain by an orc
             ... wielding a +0 hand axe
              (5 damage)
             ... on level 3 of the Dungeon.
             The game lasted 00:07:09 (4017 turns).

Goblin1989 the Insei (Demonspawn Transmuter)        Turns: 4017, Time: 00:07:10

Health: -2/32      AC:  4    Str: 10    XL:     4   Next: 47%
Magic:  7/7        EV: 12    Int: 16    God:
Gold:   51         SH:  0    Dex: 13    Spells: 6/7 levels left

rFire    . . .     SeeInvis +   u - -1 trident (curse)
rCold    . . .     Gourm    +   (no shield)
rNeg     . . .     Faith    .   b - +0 robe
rPois    .         Spirit   .   (no helmet)
rElec    .         Reflect  .   (no cloak)
rCorr    .         Harm     .   (no gloves)
MR       .....                  (no boots)
Stlth    ++++......             o - amulet of the gourmand
HPRegen  0.10/turn              s - ring of see invisible
MPRegen  0.10/turn              x - ring of stealth

@: no status effects
A: slimy green scales 1, nightstalker 2
a: no special abilities


You were on level 3 of the Dungeon.
You were very full.

You visited 1 branch of the dungeon, and saw 3 of its levels.

You collected 51 gold pieces.

Inventory:

Hand Weapons
 u - a cursed -1 trident (weapon)
Missiles
 a - 72 arrows
Armour
 b - a +0 robe (worn)
Jewellery
 o - an amulet of the gourmand (around neck)
 s - a ring of see invisible (left hand)
 x - a ring of stealth (right hand)
 W - an uncursed ring of resist corrosion {unknown}
Scrolls
 R - a scroll of identify {@r1}
 T - a scroll of teleportation
Potions
 f - a potion of degeneration {unknown}
 h - 3 potions of brilliance
 i - 3 potions of curing {unknown}
 n - a potion of invisibility {unknown}
 t - a potion of resistance {unknown}
 S - a potion of heal wounds {unknown}
 U - a potion of magic {unknown}
 V - a potion of agility {unknown}
Comestibles
 e - 5 rations


   Skills:
 - Level 1.3 Fighting
 - Level 2.0 Dodging
 + Level 4.4 Unarmed Combat
 - Level 2.1 Spellcasting
 - Level 2.0 Transmutations


You had 6 spell levels left.
You knew the following spells:

 Your Spells              Type           Power        Failure   Level  Hunger
a - Beastly Appendage     Tmut           #.....       9%          1    #......

Your spell library contained the following spells:

 Spells                   Type           Power        Failure   Level  Hunger
 Spider Form              Tmut/Pois      #.........   38%         3    ###....
 Blade Hands              Tmut           #.........   94%         5    ######.
 Ice Form                 Ice/Tmut       #.......     80%         4    #####..
 Sticks to Snakes         Tmut           #.......     14%         2    ###....


Dungeon Overview and Level Annotations

Branches:
Dungeon (3/15)

Altars:
Xom


Innate Abilities, Weirdness & Mutations

You are partially covered in slimy green scales. (AC +2)
You are significantly more attuned to the shadows.


Message History

a tomahawk; a hand axe; 19 gold pieces; an orc corpse Attack whom?
Press: ? - help, Dir - move target cursor, f - orc
Aim: an orc, wielding a flail and wearing a scale mail You reach to attack!
You puncture the orc wizard!
The orc wizard is heavily wounded.
The orc wizard points at you and mumbles some strange words.
The magic dart hits you!
You closely miss the orc wizard.
The orc wizard is heavily wounded.
The orc wizard barely misses you. The orc closely misses you.
The orc wizard misses you.
You hit the orc wizard.
The orc wizard is heavily wounded.
The orc wizard hits you but does no damage.
The orc misses you. The orc wizard hits you with a dagger.
You hit the orc wizard but do no damage.
The orc wizard is heavily wounded.
The orc wizard hits you but does no damage.
The orc hits you with a flail. The orc wizard hits you with a dagger.
You are too injured to fight recklessly!
You are too injured to fight recklessly!
You are too injured to fight recklessly!
You are too injured to fight recklessly!
You are too injured to fight recklessly!
You are too injured to fight recklessly!
You are too injured to fight recklessly!
You are too injured to fight recklessly!
You are too injured to fight recklessly!
You are too injured to fight recklessly!
You are too injured to fight recklessly!
You are too injured to fight recklessly!
You are too injured to fight recklessly!
You are too injured to fight recklessly!
You are too injured to fight recklessly!
You are too injured to fight recklessly!
You are too injured to fight recklessly!
You are too injured to fight recklessly!
You are too injured to fight recklessly!
You are too injured to fight recklessly!
You are too injured to fight recklessly!
You are too injured to fight recklessly!
You are too injured to fight recklessly!
You take 11 damage, and have 19/32 hp.
MASSIVE DAMAGE!!
You are too injured to fight recklessly!
You are too injured to fight recklessly!
You are too injured to fight recklessly!
You are too injured to fight recklessly!
You are too injured to fight recklessly!
You are too injured to fight recklessly!
You are too injured to fight recklessly!
You are too injured to fight recklessly!
You are too injured to fight recklessly!
You are too injured to fight recklessly!
You are too injured to fight recklessly!
You are too injured to fight recklessly!
You are too injured to fight recklessly!
You are too injured to fight recklessly!
You are too injured to fight recklessly!
You are too injured to fight recklessly!
You are too injured to fight recklessly!
You are too injured to fight recklessly!
You are too injured to fight recklessly!
You are too injured to fight recklessly!
You are too injured to fight recklessly!
You are too injured to fight recklessly!
You are too injured to fight recklessly!
You are too injured to fight recklessly!
You are too injured to fight recklessly!
You are too injured to fight recklessly!
You are too injured to fight recklessly!
You are too injured to fight recklessly!
You are too injured to fight recklessly!
You are too injured to fight recklessly!
You are too injured to fight recklessly!
You are too injured to fight recklessly!
You are too injured to fight recklessly!
You are too injured to fight recklessly!
You are too injured to fight recklessly!
You are too injured to fight recklessly!
You are too injured to fight recklessly!
You are too injured to fight recklessly!
You are too injured to fight recklessly!
You are too injured to fight recklessly!
You are too injured to fight recklessly!
You are too injured to fight recklessly!
You hit the orc wizard but do no damage.
The orc wizard is heavily wounded.
The orc wizard closely misses you. The orc barely misses you.
The orc hits you with a flail.
The orc wizard hits you but does no damage.
The orc hits you with a hand axe.
* * * LOW HITPOINT WARNING * * *
You take 6 damage, and have 13/32 hp.
You hit the orc wizard.
The orc wizard is almost dead.
The orc wizard barely misses you. The orc hits you with a flail!
* * * LOW HITPOINT WARNING * * *
The orc hits you with a hand axe.
You die...

.................................
.................................
.................................
.................................
████████████.....................
█...).................
█..(....... ...... █...(......
..... █....@o.... ....
█....oo.... ............
............ ............
........... ............
............... ...............


You could see an orc wizard and 2 orcs.

Vanquished Creatures
  3 adders
  2 worms
  A dart slug (D:1)
  A leopard gecko (D:2)
  An orc (D:3)
  2 ball pythons
  2 giant cockroaches (D:2)
  8 goblins
  8 hobgoblins
  10 jackals
  4 bats
  2 frilled lizards (D:2)
  9 kobolds
  4 rats
57 creatures vanquished.

Notes
Turn   | Place    | Note
-------+----------+-------------------------------------------
     0 | D:1      | Goblin1989 the Demonspawn Transmuter began the quest for the Orb.
     0 | D:1      | Reached XP level 1. HP: 15/15 MP: 3/3
   374 | D:1      | Found a shimmering altar of Xom.
   380 | D:1      | You fall through a shaft!
   569 | D:2      | Gained mutation: You are slightly more attuned to the shadows. [demonic ancestry]
   569 | D:2      | Reached XP level 2. HP: 15/21 MP: 5/5
   908 | D:1      | Reached skill level 3 in Unarmed Combat
  1610 | D:2      | Gained mutation: You are partially covered in slimy green scales. (AC +2) [demonic ancestry]
  1610 | D:2      | Reached XP level 3. HP: 26/26 MP: 6/6
  2177 | D:2      | HP: 1/26 [jackal (1)]
  2556 | D:2      | Reached skill level 4 in Unarmed Combat
  2570 | D:2      | Gained mutation: You are significantly more attuned to the shadows. [demonic ancestry]
  2570 | D:2      | Reached XP level 4. HP: 14/32 MP: 7/7
  4017 | D:3      | Slain by an orc

Skill      XL: |  1  2  3 |
---------------+----------+-----
Dodging        | 2 |  2.0
Transmutations | 2 |  2.0
Unarmed Combat | 3 4 |  4.4
Fighting       | |  1.3
Spellcasting   | |  2.1

Action                   |  1- 3 |  4- 6 || total
-------------------------+-------+-------++-------
Melee: Unarmed           |    99 |       ||    99
       Kick              |     1 |       ||     1
       Punch             |     1 |       ||     1
       Trident           |    68 |   100 ||   168
 Cast: Beastly Appendage |     1 |       ||     1
  Use: Scroll            |     5 |     1 ||     6
 Stab: Sleeping          |     9 |     2 ||    11
       Distracted        |       |     2 ||     2
  Eat: Chunk             |     9 |     8 ||    17
Armor: Robe              |    30 |    34 ||    64
Dodge: Dodged            |   113 |    77 ||   190

Vault maps used:
D:1:      giann_forest_graveyard, xom_teletrap_fun
D:2:      first_ration
D:3:      nicolae_dithmenos_shadow_blocks, minitemple, supply_closet_lemuel
